[Event "28th WSCC Women 50 2018"]
[Site "Bled"]
[Date "2018.11.25"]
[Round "7"]
[White "Berend, Elvira"]
[Black "Lauterbach, Ingrid"]
[Result "1-0"]
[ECO "B42"]
[WhiteElo "2332"]
[BlackElo "2027"]
[Annotator "NA"]
[PlyCount "23"]
[EventDate "2018.11.17"]
[EventType "swiss"]
[EventCountry "SLO"]
[SourceTitle "playchess.com"]
[Source "ChessBase"]
[SourceQuality "1"]
[TimeControl "40/5400+30:1800+30"]

1. e4 c5 2. Nf3 e6 3. d4 cxd4 4. Nxd4 a6 5. Bd3 Nf6 6. O-O d5 7. e5 Nfd7 8. Nxe6 fxe6 9. Qh5+ Ke7 10. Bg5+ Nf6 11. exf6+ gxf6 12. Bxf6+ 1-0

[Event "28th WSCC Women 50 2018"]
[Site "Bled"]
[Date "2018.11.25"]
[Round "7"]
[White "Grabuzova, Tatiana"]
[Black "Aseeva, Marina"]
[Result "1-0"]
[ECO "D30"]
[WhiteElo "2326"]
[BlackElo "2173"]
[Annotator "NA"]
[PlyCount "109"]
[EventDate "2018.11.17"]
[EventType "swiss"]
[EventCountry "SLO"]
[SourceTitle "playchess.com"]
[Source "ChessBase"]
[SourceQuality "1"]
[TimeControl "40/5400+30:1800+30"]

1. d4 d5 2. c4 e6 3. Nf3 c6 4. Qc2 Nf6 5. g3 dxc4 6. Qxc4 b5 7. Qd3 Bb7 8. Bg2 Nbd7 {[%emt 0:00:59] D30: Queen's Gambit Declined: Systems without Nc3} (8... a6 9. a4 c5 10. axb5 c4 11. Qd1 axb5 12. Rxa8 Bxa8 13. O-O Bb4 14. Bg5 Nbd7 15. Nc3 Qb6 16. Qc2 O-O 17. Rd1 {½-½ (17) Nyzhnyk,I (2599)-Galkin,A (2615) Konya 2012}) 9. O-O Be7 10. Bd2 a5 $146 ({Predecessor:} 10... O-O 11. b4 a5 12. bxa5 b4 13. Qb3 Qxa5 14. Ne1 Rfb8 15. Bf4 Rc8 16. Nd2 {0-1 (31) Jocys,D (2155)-Novikov,V (2245) Vilnius 1995}) 11. Nc3 b4 12. Ne4 Ba6 13. Nxf6+ Nxf6 14. Qc2 O-O 15. Ne5 Bxe2 16. Nxc6 Qd7 17. Rfe1 Ba6 18. Nxe7+ Qxe7 19. Bxa8 Rxa8 20. Bg5 Bb7 21. Rac1 Qd7 22. Bxf6 gxf6 23. f3 Bxf3 24. Qf2 Bb7 25. Qxf6 Qd5 26. Kf2 Rd8 27. Qf4 Rd7 28. Rc5 Qg2+ 29. Ke3 f6 30. Re2 Qg1+ 31. Qf2 Qh1 32. Qxf6 Qe4+ {[%emt 0:00:46] [#]} 33. Kf2 $1 Qg2+ 34. Ke3 Qe4+ 35. Kf2 Qg2+ 36. Ke1 Qg1+ 37. Qf1 Qxd4 38. Rg5+ Rg7 39. Rxg7+ Kxg7 40. Qf4 Qxf4 41. gxf4 Kf6 42. Re5 Bd5 43. a3 bxa3 44. bxa3 a4 45. Kd2 Bb3 46. Kc3 Bd5 47. Kb4 Bb3 48. Kc5 Bc2 49. Kd6 Bb3 50. Ra5 Bc2 51. Ra8 Bb3 52. Rf8+ Kg6 53. Ke5 $18 Kh5 54. Rf7 Bc2 55. Rf6 1-0

[Event "28th WSCC Women 50 2018"]
[Site "Bled"]
[Date "2018.11.25"]
[Round "7"]
[White "Burchardt, Brigitte"]
[Black "Sirotkina, Nina"]
[Result "1/2-1/2"]
[ECO "B26"]
[WhiteElo "2200"]
[BlackElo "2188"]
[Annotator "NA"]
[PlyCount "105"]
[EventDate "2018.11.17"]
[EventType "swiss"]
[EventCountry "SLO"]
[SourceTitle "playchess.com"]
[Source "ChessBase"]
[SourceQuality "1"]
[TimeControl "40/5400+30:1800+30"]

1. e4 c5 2. Nc3 Nc6 3. g3 g6 4. Bg2 Bg7 5. d3 d6 6. Be3 e5 7. Nge2 Nge7 8. O-O O-O 9. f4 exf4 10. Nxf4 f5 {[%emt 0:08:16] B25: Closed Sicilian: 3 g3, lines without early Be3} (10... b5 11. a3 b4 12. axb4 cxb4 13. Ncd5 Bxb2 14. d4 Bxa1 15. Nf6+ Kh8 16. Qxa1 Qa5 17. Qd1 Ng8 18. N4d5 {1-0 (35) Artemiev,V (2704)-Dubov,D (2696) Sochi 2018}) 11. Rb1 Kh8 $146 ({Predecessor:} 11... Bd7 12. Ncd5 Nxd5 13. Nxd5 Be6 14. exf5 Bxf5 15. Qd2 Qd7 16. Bh6 Rae8 17. Bxg7 Qxg7 18. Rf2 {1-0 (55) Jacobs,R (2400)-Glaser,H (2470) USA 1994}) 12. Ncd5 Bd7 13. c3 Rb8 14. Kh1 b5 15. b4 cxb4 16. cxb4 Nd4 17. Nxe7 Qxe7 18. Nd5 Qd8 19. Qd2 Be6 20. Nf4 Bd7 21. Qf2 Nc6 22. Qg1 a6 23. exf5 Rxf5 24. Nd5 Ne5 25. Be4 Rxf1 26. Rxf1 Bc6 27. Bd4 Qd7 28. Qe3 Qb7 29. Nc3 Re8 30. Kg1 Ng4 31. Bxg7+ Qxg7 32. Qb6 Bxe4 33. Nxe4 Qb2 34. Nf2 Nxf2 35. Qxf2 Qxf2+ 36. Kxf2 Rc8 37. Ke3 Kg7 38. Rf2 Re8+ (38... Rc1 $11) 39. Kd4 Re5 40. g4 h5 41. h3 hxg4 42. hxg4 Rg5 43. Rf4 Re5 44. Re4 Rg5 45. Ke3 Kf6 46. d4 a5 47. a3 axb4 48. axb4 Kf7 49. Rf4+ Ke7 50. Ke4 Ke6 51. Kd3 Ke7 52. Ke3 Ke6 $11 53. Ke4 {[%emt 0:00:17] Ke5+} 1/2-1/2

[Event "28th WSCC Women 50 2018"]
[Site "Bled"]
[Date "2018.11.25"]
[Round "7"]
[White "Krasenkova, Ilena"]
[Black "Strutinskaia, Galina"]
[Result "0-1"]
[ECO "E00"]
[WhiteElo "2144"]
[BlackElo "2201"]
[Annotator "NA"]
[PlyCount "76"]
[EventDate "2018.11.17"]
[EventType "swiss"]
[EventCountry "SLO"]
[SourceTitle "playchess.com"]
[Source "ChessBase"]
[SourceQuality "1"]
[TimeControl "40/5400+30:1800+30"]

1. d4 e6 2. c4 Bb4+ 3. Nd2 d5 4. e3 Nf6 5. Ngf3 O-O 6. a3 Be7 7. Qc2 b6 8. cxd5 exd5 9. b4 Bd6 10. Bd3 Re8 11. O-O Nbd7 12. e4 dxe4 13. Nxe4 Bb7 14. Re1 h6 15. h3 Nxe4 16. Bxe4 Bxe4 17. Rxe4 Nf6 18. Rxe8+ Qxe8 19. Be3 a5 20. bxa5 Rxa5 21. a4 b5 22. Re1 Rxa4 23. Bxh6 Qa8 24. Qf5 Qd5 25. Qc8+ Kh7 26. Ne5 gxh6 27. Qf5+ Kg7 28. Re3 Ra1+ 29. Kh2 Ra3 30. Rxa3 Bxa3 31. g4 Qe4 32. Qc8 Bd6 33. Kg1 Bxe5 34. dxe5 Qxe5 35. Qb7 Qe1+ 36. Kh2 Ne4 37. Qxc7 Qxf2+ 38. Kh1 Ng3+ 0-1

[Event "28th WSCC Women 50 2018"]
[Site "Bled"]
[Date "2018.11.25"]
[Round "7"]
[White "Ankudinova, Yelena"]
[Black "Makropoulou, Marina"]
[Result "1/2-1/2"]
[ECO "A03"]
[WhiteElo "2107"]
[BlackElo "2110"]
[Annotator "ChessBase"]
[PlyCount "156"]
[EventDate "2018.11.17"]
[EventType "swiss"]
[EventCountry "SLO"]
[SourceTitle "playchess.com"]
[Source "ChessBase"]
[SourceQuality "1"]
[TimeControl "40/5400+30:1800+30"]

1. f4 d5 2. Nf3 c6 3. b3 Qc7 4. e3 Bg4 5. Bb2 Nd7 6. c4 Ngf6 7. Be2 Bxf3 8. Bxf3 dxc4 9. bxc4 e5 10. fxe5 Nxe5 11. Be2 O-O-O 12. Qc2 Kb8 13. Qf5 Ng6 14. Nc3 Bd6 15. g3 Rhe8 16. O-O-O Re5 17. Qf3 Ra5 18. d4 Ba3 19. c5 b6 20. Bxa3 Rxa3 21. Kb2 Ra5 22. cxb6 axb6 23. Rhf1 Rd7 24. Rb1 Qd6 25. Kc2 Nd5 26. Rb2 Nxc3 27. Kxc3 Ka7 28. Kc2 Ne7 29. Kb1 Rf5 30. Qg4 Rxf1+ 31. Bxf1 Nd5 32. Rb3 g6 33. Qe2 b5 34. a4 Rb7 35. axb5 Kb8 36. Qc4 Rxb5 37. Rxb5+ cxb5 38. Qxb5+ Kc7 39. Qc4+ Kd8 40. e4 Ne3 41. Qd3 Qb4+ 42. Ka2 Qa4+ 43. Kb2 Nxf1 44. Qxf1 Qxd4+ 45. Kb3 Qe3+ 46. Kb2 Qd2+ 47. Kb3 Qe3+ 48. Kb2 Ke7 49. Qf4 Qd4+ 50. Kc2 h5 51. h4 Ke6 52. Qf3 Qc4+ 53. Kd2 Qb4+ 54. Ke2 Qb2+ 55. Kf1 Qc2 56. Qf4 Qa2 57. Kg1 Qe2 58. Kh1 Qc2 59. Kg1 Qb2 60. Kf1 Qa2 61. Ke1 Qg2 62. Kd1 Qg1+ 63. Ke2 Qd4 64. Kf1 Qc4+ 65. Kf2 Qa2+ 66. Ke1 Qa7 67. Kf1 Qc5 68. Kg2 Qc4 69. Kf2 Kd7 70. Ke3 Qb3+ 71. Kf2 Qc4 72. Qe5 Qc2+ 73. Kf3 Qd3+ 74. Kf2 Qd2+ 75. Kf3 Qd1+ 76. Kf2 Qd2+ 77. Kf3 Qd3+ 78. Kf2 Qd2+ 1/2-1/2

[Event "28th WSCC Women 50 2018"]
[Site "Bled"]
[Date "2018.11.26"]
[Round "8"]
[White "Strutinskaia, Galina"]
[Black "Lauterbach, Ingrid"]
[Result "1/2-1/2"]
[ECO "E90"]
[WhiteElo "2201"]
[BlackElo "2027"]
[Annotator "NA"]
[PlyCount "61"]
[EventDate "2018.11.17"]
[EventType "swiss"]
[EventCountry "SLO"]
[SourceTitle "playchess.com"]
[Source "ChessBase"]
[SourceQuality "1"]
[TimeControl "40/5400+30:1800+30"]

1. d4 Nf6 2. c4 d6 3. Nc3 Nbd7 4. e4 e5 5. Nf3 g6 6. h3 Bg7 7. Be3 O-O 8. d5 Nc5 9. Nd2 {LiveBook: 248 Games} a5 10. a3 Bd7 {E90: King's Indian: Classical: Early deviations and 6 h3} (10... Qe8 11. b4 axb4 12. axb4 Rxa1 13. Qxa1 Na6 14. Qa3 Nh5 15. c5 f5 16. Nc4 Qe7 17. cxd6 cxd6 18. b5 {1-0 (67) Deac,B (2559)-Marin,M (2549) Medias 2016}) 11. b4 axb4 12. axb4 Rxa1 13. Qxa1 Na6 14. Qa3 Nh5 15. c5 dxc5 16. bxc5 Nb8 17. Qb3 Qc8 18. Nc4 f5 $146 19. d6 Be6 20. dxc7 Na6 21. Qb6 Nxc7 22. Nd6 Qd7 23. Ncb5 Na8 24. Qxb7 Qxb7 25. Nxb7 fxe4 26. c6 Nf4 27. Nc5 Bd5 28. Nc3 Bxc6 29. N5xe4 Kh8 30. g3 $14 Nd5 31. Nxd5 1/2-1/2

[Event "28th WSCC Women 50 2018"]
[Site "Bled"]
[Date "2018.11.26"]
[Round "8"]
[White "Bogumil, Tatiana"]
[Black "Burchardt, Brigitte"]
[Result "1-0"]
[ECO "E91"]
[WhiteElo "2114"]
[BlackElo "2200"]
[Annotator "ChessBase"]
[PlyCount "99"]
[EventDate "2018.11.17"]
[EventType "swiss"]
[EventCountry "SLO"]
[SourceTitle "playchess.com"]
[Source "ChessBase"]
[SourceQuality "1"]
[TimeControl "40/5400+30:1800+30"]

1. Nf3 Nf6 2. c4 g6 3. Nc3 Bg7 4. e4 d6 5. d4 O-O 6. Be2 c6 7. O-O Bg4 8. h3 Bxf3 9. Bxf3 Nbd7 10. Be3 a6 11. Qd2 Re8 12. g4 Nf8 13. Rad1 N6d7 14. Bg2 Rc8 15. f4 c5 16. d5 Qa5 17. e5 dxe5 18. f5 f6 19. d6 Rb8 20. dxe7 Rxe7 21. Nd5 Qxd2 22. Nxe7+ Kf7 23. Rxd2 Kxe7 24. Rfd1 Ke8 25. Be4 g5 26. b3 a5 27. a4 b6 28. Bc6 Rd8 29. Kf2 Ke7 30. Bb5 h6 31. Ke2 Bh8 32. Bf2 Bg7 33. Bg3 Bh8 34. h4 Bg7 35. hxg5 hxg5 36. Ke3 Bh8 37. Ke4 Bg7 38. Bc6 Bh8 39. Rh1 Bg7 40. Rhd1 Bh8 41. Rd6 Bg7 42. Bb5 Bh8 43. Rc6 Bg7 44. Rc7 Bh8 45. Rb7 Bg7 46. Rd2 Bh8 47. Kd5 Bg7 48. Bxd7 Nxd7 49. Kc6 Rc8+ 50. Rc7 1-0

[Event "28th WSCC Women 50 2018"]
[Site "Bled"]
[Date "2018.11.26"]
[Round "8"]
[White "Makropoulou, Marina"]
[Black "Krasenkova, Ilena"]
[Result "1-0"]
[ECO "B04"]
[WhiteElo "2110"]
[BlackElo "2144"]
[Annotator "NA"]
[PlyCount "111"]
[EventDate "2018.11.17"]
[EventType "swiss"]
[EventCountry "SLO"]
[SourceTitle "playchess.com"]
[Source "ChessBase"]
[SourceQuality "1"]
[TimeControl "40/5400+30:1800+30"]

1. e4 Nf6 2. e5 Nd5 3. d4 e6 4. Nf3 Be7 5. c4 Nb6 6. Nc3 d5 7. exd6 cxd6 8. Be2 O-O 9. O-O Nc6 10. Be3 {B04: Alekhine's Defence: 4 Nf3} (10. a3) 10... d5 11. c5 Nd7 12. Rc1 $146 ({Predecessor:} 12. a3 f5 13. b4 Bf6 14. b5 Ne7 15. Qb3 h6 16. h4 f4 17. Bxf4 Nf5 {1-0 (48) Koval,A (2170)-Bucek,E (2018) Tatranske Zruby 2009}) 12... b6 13. Bb5 Bb7 14. Qa4 Rc8 15. b4 bxc5 16. bxc5 a6 17. Bd3 Bf6 18. Rb1 Na5 19. Rfc1 Nb8 (19... e5 $16) 20. Rb6 Nbc6 21. Rcb1 Re8 22. Rxb7 Nxb7 23. Rxb7 e5 24. dxe5 Nxe5 25. Nxe5 Rxe5 26. Ne2 a5 27. h3 Re7 28. c6 Qe8 29. Rxe7 Bxe7 30. Bb5 Bb4 31. a3 Bd6 32. g3 Bc7 33. Qd4 Qe6 34. Kh2 h6 35. a4 g5 36. Qd3 Re8 37. Nd4 Qf6 38. Qf5 Qxf5 39. Nxf5 Kh7 40. Bd3 Rb8 41. Ne7+ Kg7 42. Nxd5 Be5 43. c7 Bxc7 44. Nxc7 Rb4 45. Bb5 f5 46. Bd2 Re4 47. Bxa5 f4 48. g4 Kf7 $18 49. Kg2 Rd4 50. Bb6 Rd2 51. a5 Ke7 52. a6 Ra2 53. a7 Kd6 54. Na6 h5 55. a8=Q f3+ 56. Qxf3 1-0

[Event "28th WSCC Women 50 2018"]
[Site "Bled"]
[Date "2018.11.27"]
[Round "9"]
[White "Krasenkova, Ilena"]
[Black "Ankudinova, Yelena"]
[Result "1/2-1/2"]
[ECO "D23"]
[WhiteElo "2144"]
[BlackElo "2107"]
[Annotator "ChessBase"]
[PlyCount "76"]
[EventDate "2018.11.17"]
[EventType "swiss"]
[EventCountry "SLO"]
[SourceTitle "playchess.com"]
[Source "ChessBase"]
[SourceQuality "1"]
[TimeControl "40/5400+30:1800+30"]

1. d4 d5 2. Nf3 Nf6 3. c4 dxc4 4. Qa4+ c6 5. Qxc4 Bf5 6. g3 e6 7. Bg2 Nbd7 8. O-O Be7 9. Nc3 O-O 10. Re1 Ne4 11. Bf4 Nb6 12. Qb3 h6 13. a4 a5 14. Rac1 g5 15. Be3 Bb4 16. Red1 Nd5 17. Na2 Qe7 18. Ne5 Nxe3 19. Qxe3 Nf6 20. f3 Bh7 21. Qb3 Bd6 22. e4 Rfb8 23. Rd2 Bc7 24. Kh1 Kg7 25. Qe3 Ne8 26. f4 Nd6 27. b3 Rd8 28. Nc3 f6 29. Nc4 f5 30. e5 Nc8 31. Re1 g4 32. Na2 Bg6 33. Qc3 Nb6 34. Qb2 Nd5 35. Rc1 Be8 36. Bxd5 Rxd5 37. Nc3 Rdd8 38. Rcd1 h5 1/2-1/2

[Event "28th WSCC Women 50 2018"]
[Site "Bled"]
[Date "2018.11.27"]
[Round "9"]
[White "Makropoulou, Marina"]
[Black "Strutinskaia, Galina"]
[Result "1-0"]
[ECO "B30"]
[WhiteElo "2110"]
[BlackElo "2201"]
[Annotator "NA RC"]
[PlyCount "115"]
[EventDate "2018.11.17"]
[EventType "swiss"]
[EventCountry "SLO"]
[SourceTitle "playchess.com"]
[Source "ChessBase"]
[SourceQuality "1"]
[TimeControl "40/5400+30:1800+30"]

1. e4 c5 2. Nf3 Nc6 3. Bb5 d6 4. O-O Bd7 5. c3 a6 6. Bxc6 Bxc6 7. Re1 Nf6 8. d4 Bxe4 9. Bg5 Bc6 10. Bxf6 gxf6 11. Nh4 {[%emt 0:02:33] B51: Sicilian: Moscow Variation (3 Bb5+) without 3...Bd7} cxd4 12. cxd4 Qa5 $146 ({Predecessor:} 12... d5 13. Qf3 e6 14. Nc3 h5 15. Re3 Kd7 16. g3 Bh6 17. Re2 Bg5 18. Ng2 h4 {0-1 (26) Arngrimsson,D (2392)-Cheparinov,I (2696) Kallithea 2008}) 13. Nc3 O-O-O 14. d5 Bd7 15. a3 h5 16. b4 Qb6 17. Na4 Qa7 18. Nb2 Kb8 19. a4 Rg8 20. Rc1 Rg4 21. Rc4 Rc8 22. Rxg4 hxg4 23. a5 Bh6 24. Qd3 Bg5 25. g3 Bb5 26. Qe4 Bd2 27. Rb1 Bc3 28. Nd1 Qd4 29. Nxc3 Qxc3 30. Qxg4 Rc4 31. Qg8+ Ka7 32. Qd8 Qd3 33. Re1 Qxd5 34. Qxe7 Rxb4 35. Qe3+ Kb8 36. Qf3 Qg5 37. Nf5 Qd2 38. Qe3 Qd5 39. Ne7 Qc5 40. Qh6 Rc4 41. Qxf6 Rc1 42. Rxc1 Qxc1+ 43. Kg2 Bf1+ 44. Kf3 Qd1+ 45. Kf4 Qa4+ $14 46. Ke3 Qb3+ 47. Kf4 Qb4+ 48. Kf3 Qb3+ 49. Kf4 Qc4+ 50. Kg5 Qc5+ 51. Nf5 Qxa5 52. Qxd6+ Qc7 53. h4 Qxd6 54. Nxd6 a5 55. h5 a4 56. h6 Bd3 57. Nf5 f6+ 58. Kf4 1-0

[Event "28th WSCC Women 50 2018"]
[Site "Bled"]
[Date "2018.11.27"]
[Round "9"]
[White "Mednikova, Svetlana"]
[Black "Kasoshvili, Tsiala"]
[Result "1/2-1/2"]
[ECO "B01"]
[WhiteElo "2099"]
[BlackElo "2029"]
[Annotator "NA"]
[PlyCount "72"]
[EventDate "2018.11.17"]
[EventType "swiss"]
[EventCountry "SLO"]
[SourceTitle "playchess.com"]
[Source "ChessBase"]
[SourceQuality "1"]
[TimeControl "40/5400+30:1800+30"]

1. e4 d5 2. exd5 Qxd5 3. Nc3 Qa5 4. d4 Nf6 5. Nf3 Bf5 6. Ne5 e6 7. g4 Be4 8. Nc4 Qb4 9. a3 Qe7 10. Nxe4 Nxe4 11. Qf3 Nd6 12. Nxd6+ cxd6 13. Bb5+ Kd8 14. Bf4 a6 15. Ba4 d5 16. O-O-O b5 17. Bb3 Nc6 18. Rhe1 $14 Qd7 19. g5 Ra7 20. h4 Rb7 21. h5 Bd6 22. Bxd6 Qxd6 23. Qg4 Re7 24. c3 g6 25. Bc2 Kc7 26. Rh1 Ree8 27. Rh4 Ne7 28. hxg6 hxg6 29. Rdh1 Rxh4 30. Rxh4 Nf5 31. Rh7 Re7 32. Kb1 Kb7 33. Rh8 Rd7 34. Rh7 Re7 35. Rh8 Rd7 36. Rh7 f6 1/2-1/2

[Event "28th WSCC Women 50 2018"]
[Site "Bled"]
[Date "2018.11.27"]
[Round "9"]
[White "Lauterbach, Ingrid"]
[Black "Grabuzova, Tatiana"]
[Result "0-1"]
[ECO "C00"]
[WhiteElo "2027"]
[BlackElo "2326"]
[Annotator "ChessBase"]
[PlyCount "62"]
[EventDate "2018.11.17"]
[EventType "swiss"]
[EventCountry "SLO"]
[SourceTitle "playchess.com"]
[Source "ChessBase"]
[SourceQuality "1"]
[TimeControl "40/5400+30:1800+30"]

1. e4 e6 2. d3 d5 3. Nd2 c5 4. Ngf3 Nc6 5. g3 Nf6 6. Bg2 Be7 7. O-O b6 8. Re1 Bb7 9. e5 Nd7 10. c3 Qc7 11. Qe2 h6 12. Nf1 g5 13. h3 O-O-O 14. d4 Kb8 15. Be3 Rc8 16. a3 Na5 17. b4 cxd4 18. cxd4 Nc4 19. Rec1 b5 20. Ne1 Ndb6 21. Nd3 Rcf8 22. f4 f6 23. exf6 Bxf6 24. fxg5 hxg5 25. Bf2 Qg7 26. Nc5 Bxd4 27. Bxd4 Qxd4+ 28. Kh2 Rf2 29. Nb3 Qf6 30. Qd3 d4 31. Rc2 Bxg2 0-1

[Event "28th WSCC Women 50 2018"]
[Site "Bled"]
[Date "2018.11.28"]
[Round "10"]
[White "Grabuzova, Tatiana"]
[Black "Bogumil, Tatiana"]
[Result "1/2-1/2"]
[ECO "A59"]
[WhiteElo "2326"]
[BlackElo "2114"]
[Annotator "RC"]
[PlyCount "82"]
[EventDate "2018.11.17"]
[EventType "swiss"]
[EventCountry "SLO"]
[SourceTitle "playchess.com"]
[Source "ChessBase"]
[SourceQuality "1"]
[TimeControl "40/5400+30:1800+30"]

1. d4 Nf6 2. c4 c5 3. d5 b5 4. cxb5 a6 5. bxa6 g6 6. Nc3 Bxa6 7. e4 Bxf1 8. Kxf1 d6 9. g3 Bg7 10. Kg2 O-O 11. Nf3 Nbd7 12. a4 Qa5 13. Bd2 Ng4 14. Nb5 Qb6 15. Bc3 f6 16. Qe2 Qb7 17. Nd2 h5 18. h3 Nh6 19. Nc4 Nb6 20. Nxb6 Qxb6 21. g4 h4 22. f4 Nf7 23. Qf2 Bh6 24. Bd2 Qb7 25. Qxh4 g5 26. fxg5 Bxg5 27. Qe1 Rxa4 28. Rxa4 Qxb5 29. Ra2 Bxd2 30. Qxd2 Qc4 31. Ra3 Qxe4+ 32. Kh2 Qe5+ 33. Kg1 Rb8 34. Rh2 Qe4 35. Re2 Qb1+ 36. Qe1 Qxe1+ 37. Rxe1 Ne5 38. Re2 Rb4 39. Rg3 Kf7 40. g5 f5 41. Rge3 Kg6 1/2-1/2

[Event "28th WSCC Women 50 2018"]
[Site "Bled"]
[Date "2018.11.28"]
[Round "10"]
[White "Strutinskaia, Galina"]
[Black "Ankudinova, Yelena"]
[Result "1/2-1/2"]
[ECO "E06"]
[WhiteElo "2201"]
[BlackElo "2107"]
[Annotator "NA RC"]
[PlyCount "31"]
[EventDate "2018.11.17"]
[EventType "swiss"]
[EventCountry "SLO"]
[SourceTitle "playchess.com"]
[Source "ChessBase"]
[SourceQuality "1"]
[TimeControl "40/5400+30:1800+30"]

1. c4 e6 2. g3 d5 3. Bg2 Nf6 4. Nf3 c5 5. cxd5 Nxd5 6. O-O Nc6 7. d4 Be7 8. dxc5 Bxc5 9. Qc2 Qe7 {E06: Closed Catalan: Early deviations} 10. a3 {LiveBook: 13 Games} (10. Nc3 Nxc3 11. Qxc3 O-O 12. Bf4 f6 13. Rac1 Bb6 14. Be3 Bxe3 15. Qxe3 e5 16. Nd2 Nd4 17. Nb3 Nxb3 18. Qxb3+ Be6 19. Qa4 Rfd8 {½-½ (47) Ponomariov,R (2699)-Lu,S (2638) Danzhou 2017}) 10... a5 11. Nc3 $146 ({Predecessor:} 11. e4 Nc7 12. e5 h6 13. Nc3 Bd7 14. Ne4 Na6 15. Be3 Bxe3 16. Nd6+ Kf8 17. fxe3 {1-0 (33) Hess,M (2326)-Demir,B (2069) Tegernsee 2018}) 11... Nxc3 12. Qxc3 e5 13. Rd1 f6 14. Be3 Bxe3 15. Qxe3 Be6 16. Rac1 1/2-1/2

[Event "28th WSCC Women 50 2018"]
[Site "Bled"]
[Date "2018.11.28"]
[Round "10"]
[White "Birkholz, Olga"]
[Black "Lauterbach, Ingrid"]
[Result "1-0"]
[ECO "A48"]
[WhiteElo "2061"]
[BlackElo "2027"]
[Annotator "NA RC"]
[PlyCount "101"]
[EventDate "2018.11.17"]
[EventType "swiss"]
[EventCountry "SLO"]
[SourceTitle "playchess.com"]
[Source "ChessBase"]
[SourceQuality "1"]
[TimeControl "40/5400+30:1800+30"]

1. d4 Nf6 2. Nf3 d6 3. h3 Nbd7 4. Bf4 c5 5. e3 g6 6. Nbd2 Bg7 7. c3 O-O 8. Be2 b6 9. O-O Bb7 10. Re1 Re8 {A48: 1 d4 Nf6 2 Nf3 g6: Torre, London and Colle Systems} (10... a6 11. a4 cxd4 12. exd4 Nd5 13. Bh2 Bh6 14. Bf1 a5 15. Nc4 N7f6 16. Na3 Bf4 17. Bxf4 Nxf4 18. g3 N4d5 19. Bg2 {½-½ (64) Kamsky,G (2741)-Svidler,P (2747) Loo 2013}) 11. Bh2 d5 12. Ne5 Nxe5 13. Bxe5 Nd7 14. Bxg7 Kxg7 15. Nf3 f6 $146 ({Predecessor:} 15... Qc7 16. Rc1 e5 17. Qc2 e4 18. Nd2 {0-1 (46) Likatavicius,R (1278)-Persanyi,B (2059) Kouty nad Desnou 2016}) 16. c4 e5 17. dxc5 Nxc5 18. cxd5 Qxd5 19. b4 Ne6 20. Qa4 Bc6 21. b5 Nc5 22. Qc4 Qxc4 23. Bxc4 Bxf3 24. gxf3 Red8 25. Red1 Rxd1+ 26. Rxd1 Kf8 27. Kf1 Ke7 28. Ke2 Rd8 29. Rc1 Rd7 30. Rc2 f5 31. Rc1 Kf6 32. h4 h6 33. Rc2 $11 g5 34. hxg5+ Kxg5 35. Rc1 Kf6 36. Rh1 Rh7 37. Bg8 Rh8 38. Bc4 h5 39. f4 Ne4 40. fxe5+ Kxe5 41. Rh4 Kf6 42. f4 Kg6 43. Rh2 h4 44. Bd3 Nf6 45. Rg2+ Ng4 46. Rxg4+ Kf6 47. Rg2 h3 48. Rh2 Ke6 49. Kf3 Rd8 50. Bc4+ Kd6 51. Rd2+ {Kd5 Ke4} 1-0

[Event "28th WSCC Women 50 2018"]
[Site "Bled"]
[Date "2018.11.28"]
[Round "10"]
[White "Kasoshvili, Tsiala"]
[Black "Krasenkova, Ilena"]
[Result "1-0"]
[ECO "A32"]
[WhiteElo "2029"]
[BlackElo "2144"]
[Annotator "NA RC"]
[PlyCount "165"]
[EventDate "2018.11.17"]
[EventType "swiss"]
[EventCountry "SLO"]
[SourceTitle "playchess.com"]
[Source "ChessBase"]
[SourceQuality "1"]
[TimeControl "40/5400+30:1800+30"]

1. d4 d5 2. c4 e6 3. Nf3 Nf6 4. e3 c5 5. Nc3 cxd4 6. Nxd4 Be7 {A32: Symmetrical English: 2 Nf3 Nf6 3 d4 cxd4 4 Nxd4 e6} (6... Nc6 7. cxd5 Nxd5 8. Nxc6 bxc6 9. Bd2 Be7 10. Qc2 O-O 11. Be2 Rb8 12. a3 Nxc3 13. Bxc3 Qb6 14. Bd3 h6 {1-0 (40) Nakamura,H (2787)-Carlsen,M (2853) chess.com INT 2016}) 7. cxd5 exd5 8. Bb5+ Bd7 9. Bxd7+ Qxd7 10. O-O O-O 11. Qf3 $146 ({Predecessor:} 11. b3 Nc6 12. Bb2 Rfe8 13. Rc1 Rac8 14. Nxc6 bxc6 {½-½ (28) Jimenez Zerquera,E-Yepez Obando,O Pichincha 1969}) 11... Nc6 12. Rd1 Bb4 13. Nce2 Rfd8 14. Bd2 Bxd2 15. Rxd2 Ne4 16. Rdd1 g6 17. Qf4 Rac8 18. a3 Ne7 19. h4 Qc7 20. Qxc7 Rxc7 21. Rac1 Rxc1 22. Rxc1 Rd7 23. Nf4 a6 24. Rc2 Kg7 25. Kf1 Kf6 26. Ke2 h6 27. Kd3 Kg7 28. g4 Nf6 29. f3 g5 30. hxg5 hxg5 31. Nfe2 Kg6 32. Ng3 Ne8 33. b3 Nd6 34. Rc5 Kf6 35. Nh5+ Kg6 36. Ng3 Kf6 37. a4 Kg6 38. a5 Kf6 39. Nge2 Kg6 40. Nc3 Ne8 41. Na4 Kf6 42. Nb6 Rd8 43. f4 gxf4 44. exf4 Kg6 45. Rc2 Kg7 46. g5 Kg6 47. Rh2 Nd6 48. Rh6+ Kg7 49. Na4 (49. Re6 $5 Kf8 50. Re2 $14) 49... Ne4 (49... Ng6 $11 {keeps the balance.}) 50. Nc3 Nc5+ 51. Ke3 Re8 52. Kf3 Rc8 53. Nce2 Ne4 54. Rb6 Rc7 55. Kg4 Nf2+ 56. Kg3 Ne4+ 57. Kh4 Kh7 58. f5 Rd7 59. Rh6+ Kg8 60. Kg4 Rd6 (60... Rd8 $16 {was worth a try.} 61. Nf4 Nf2+ 62. Kg3 Ne4+ 63. Kh4 Rd7) 61. f6 Ng6 62. Nf5 Nxf6+ 63. gxf6 Rxf6 64. Ned4 Ne5+ 65. Kf4 Nd7 66. Rxf6 Nxf6 67. Nd6 Nd7 68. Nxb7 Kf8 69. Kf5 Ke7 $18 70. Nc6+ Ke8 71. Nd6+ Kf8 72. b4 Kg7 73. Ne8+ Kf8 74. Nc7 d4 75. Ke4 Kg7 76. Kxd4 f5 77. Nxa6 Kf6 78. Nc5 Nxc5 79. Kxc5 f4 80. Nd4 Ke7 81. a6 f3 82. Nxf3 Kd7 83. a7 1-0

[Event "28th WSCC Women 50 2018"]
[Site "Bled"]
[Date "2018.11.29"]
[Round "11"]
[White "Bogumil, Tatiana"]
[Black "Mednikova, Svetlana"]
[Result "1/2-1/2"]
[ECO "E01"]
[WhiteElo "2114"]
[BlackElo "2099"]
[Annotator "NA RC"]
[PlyCount "34"]
[EventDate "2018.11.17"]
[EventType "swiss"]
[EventCountry "SLO"]
[SourceTitle "playchess.com"]
[Source "ChessBase"]
[SourceQuality "1"]
[TimeControl "40/5400+30:1800+30"]

1. Nf3 Nf6 2. g3 d5 3. c4 c5 4. Bg2 Nc6 5. O-O e6 6. cxd5 Nxd5 {LiveBook: 225 Games} 7. d4 Nc7 8. Be3 (8. dxc5 $16 Bxc5 9. Qxd8+ Nxd8 10. Nc3) 8... Nd5 9. Bg5 f6 10. e4 Nc7 11. d5 ({White should try} 11. Be3 $14) 11... exd5 12. exd5 Qxd5 13. Bd2 Be7 14. Nc3 Qf7 15. Bf4 Ne6 $15 16. Bd6 O-O 17. Bxe7 Nxe7 1/2-1/2